MLB
PHILADELPHIA PHILLIES @ PITTSBURGH PIRATES
07/22/2041
 
TOP OF THE 1ST
Philadelphia Phillies batting - Pitching for Pittsburgh Pirates : RHP Jim Griffith
Pitching: RHP Jim Griffith
Batting: RHB Oliver Rivera 0-0: Called Strike
0-1: Ball
1-1: Swinging Strike
1-2: Fly out, F7 (Flyball, 78S, EV 81.9 MPH)
Batting: RHB César Vega 0-0: Ball
1-0: Ball
2-0: Ball
3-0: Called Strike
3-1: Foul Ball, location: 3F
3-2: Ground out 6-3 (Groundball, 6, EV 80.6 MPH)
Batting: LHB Luis Gonzáles 0-0: Ball
1-0: Ball
2-0: Foul Ball, location: 25F
2-1: SINGLE (Groundball, 4D, EV 110.6 MPH)
Batting: LHB Jake Allen 0-0: Fly out, F8 (Flyball, 8LM, EV 91.9 MPH)
Top of the 1st over - 0 runs, 1 hit, 0 errors, 1 left on base; Philadelphia 0 - Pittsburgh 0
BOTTOM OF THE 1ST
Pittsburgh Pirates batting - Pitching for Philadelphia Phillies : RHP José Durán
Pitching: RHP José Durán
Batting: LHB Raúl Gallegos 0-0: Ball
1-0: Foul Ball, location: 2F
1-1: Ball
2-1: Foul Ball, location: 2F
2-2: Ball
3-2: Foul Ball, location: 7LDF
3-2: SINGLE (Line Drive, 7S, EV 110.0 MPH)
Batting: LHB Devin Henderson 0-0: Called Strike
0-1: DOUBLE (Line Drive, 9LM, EV 98.8 MPH)
Raúl Gallegos to third
Raúl Gallegos scores
Batting: LHB Jorge Apodaca 0-0: Called Strike
0-1: Ball
1-1: Swinging Strike
1-2: Strikes out swinging
Batting: LHB Cisco Silva 0-0: Called Strike
0-1: Foul Ball, location: 2F
0-2: Fly out, F8 (Flyball, 8LM, EV 86.3 MPH)
Batting: LHB Josh Mason 0-0: Ground out U3 (Groundball, 3, EV 98.8 MPH)
Bottom of the 1st over - 1 run, 2 hits, 0 errors, 1 left on base; Philadelphia 0 - Pittsburgh 1
TOP OF THE 2ND
Philadelphia Phillies batting - Pitching for Pittsburgh Pirates : RHP Jim Griffith
Batting: RHB Ken Ransley 0-0: Ball
1-0: Foul Ball, location: 9LMF
1-1: Ball
2-1: Ground out 6-3 (Groundball, 6MD, EV 96.3 MPH)
Batting: RHB Joe Cavanagh 0-0: Foul Ball, location: 7LSF
0-1: Ball
1-1: Ball
2-1: Foul Ball, location: 9LDF
2-2: Ball
3-2: Foul Ball, location: 7LDF
3-2: Strikes out swinging
Batting: LHB Tim Thomas 0-0: Swinging Strike
0-1: Foul Ball, location: 23FF
0-2: Strikes out looking
Top of the 2nd over - 0 runs, 0 hits, 0 errors, 0 left on base; Philadelphia 0 - Pittsburgh 1
BOTTOM OF THE 2ND
Pittsburgh Pirates batting - Pitching for Philadelphia Phillies : RHP José Durán
Batting: LHB Jeff Dickson 0-0: Called Strike
0-1: Called Strike
0-2: Strikes out swinging
Batting: RHB José Fajardo 0-0: Ball
1-0: Foul Ball, location: 3F
1-1: Ball
2-1: Ball
3-1: Base on Balls
Batting: LHB Juan Padilla 0-0: Ball
1-0: Foul Ball, location: 2F
1-1: Foul Ball, location: 3SF
1-2: DOUBLE (Flyball, 8LXD, EV 106.9 MPH)
José Fajardo to third
Runner from 3rd tries for Home, SAFE, no throw by CF
Batting: RHB Al Sexton 0-0: Ball
1-0: Called Strike
1-1: Called Strike
1-2: Ground out 4-3 (Groundball, 4M, EV 99.4 MPH)
Batting: LHB Raúl Gallegos 0-0: Ball
1-0: Ball
2-0: Ball
3-0: Base on Balls
Batting: LHB Devin Henderson 0-0: Called Strike
0-1: Ground out 1-3 (Groundball, 13, EV 70.0 MPH)
Bottom of the 2nd over - 1 run, 1 hit, 0 errors, 2 left on base; Philadelphia 0 - Pittsburgh 2
TOP OF THE 3RD
Philadelphia Phillies batting - Pitching for Pittsburgh Pirates : RHP Jim Griffith
Batting: RHB Sam Bowman 0-0: Ball
1-0: Ball
2-0: Foul Ball, location: 2F
2-1: Swinging Strike
2-2: Ground out 6-3 (Groundball, 6, EV 92.5 MPH)
Batting: RHB Raúl Jaramillo 0-0: Called Strike
0-1: Ball
1-1: Ground out 6-3 (Groundball, 6, EV 86.9 MPH)
Batting: RHB Oliver Rivera 0-0: Ball
1-0: Foul Ball, location: 2F
1-1: Swinging Strike
1-2: Foul Ball, location: 9LMF
1-2: Ball
2-2: Ball
3-2: Foul Ball, location: 2F
3-2: Ground out 4-3 (Groundball, 4, EV 86.3 MPH)
Top of the 3rd over - 0 runs, 0 hits, 0 errors, 0 left on base; Philadelphia 0 - Pittsburgh 2
BOTTOM OF THE 3RD
Pittsburgh Pirates batting - Pitching for Philadelphia Phillies : RHP José Durán
Batting: LHB Jorge Apodaca 0-0: Called Strike
0-1: Ground out 4-3 (Groundball, 4, EV 105.0 MPH)
Batting: LHB Cisco Silva 0-0: Ground out U3 (Groundball, 3, EV 90.0 MPH)
Batting: LHB Josh Mason 0-0: Fly out, F9 (Line Drive, 89M, EV 106.9 MPH)
Bottom of the 3rd over - 0 runs, 0 hits, 0 errors, 0 left on base; Philadelphia 0 - Pittsburgh 2
TOP OF THE 4TH
Philadelphia Phillies batting - Pitching for Pittsburgh Pirates : RHP Jim Griffith
Batting: RHB César Vega 0-0: Ball
1-0: Called Strike
1-1: Ball
2-1: Ball
3-1: Called Strike
3-2: Base on Balls
Batting: LHB Luis Gonzáles 0-0: Called Strike
0-1: Called Strike
0-2: Foul Ball, location: 7LDF
0-2: Ball
1-2: Foul Ball, location: 2F
1-2: SINGLE (Groundball, 4MD, EV 99.4 MPH)
César Vega to second
Batting: LHB Jake Allen 0-0: Ball
César Vega is caught stealing 3rd base 2-5
1-0: Hit by Pitch
Luis Gonzáles to second
Batting: RHB Ken Ransley 0-0: Called Strike
0-1: Ball
1-1: Fly out, F7 (Flyball, 78D, EV 110.0 MPH)
Batting: RHB Joe Cavanagh 0-0: Ball
1-0: Fly out, F8 (Flyball, 8RD, EV 99.4 MPH)
Top of the 4th over - 0 runs, 1 hit, 0 errors, 2 left on base; Philadelphia 0 - Pittsburgh 2
BOTTOM OF THE 4TH
Pittsburgh Pirates batting - Pitching for Philadelphia Phillies : RHP José Durán
Batting: LHB Jeff Dickson 0-0: Fly out, F7 (Flyball, 78S, EV 91.9 MPH)
Batting: RHB José Fajardo 0-0: Foul Ball, location: 2F
0-1: Ball
1-1: Ball
2-1: Ball
3-1: Fly out, F9 (Flyball, 89M, EV 80.6 MPH)
Batting: LHB Juan Padilla 0-0: Ball
1-0: Ball
2-0: Ball
3-0: Base on Balls
Batting: RHB Al Sexton 0-0: Ball
1-0: Called Strike
1-1: Ball
2-1: Swinging Strike
2-2: Foul Ball, location: 2F
2-2: Foul Ball, location: 9LSF
2-2: Ball
3-2: Base on Balls
Juan Padilla to second
Batting: LHB Raúl Gallegos 0-0: Ground out 4-3 (Groundball, 4, EV 86.9 MPH)
Bottom of the 4th over - 0 runs, 0 hits, 0 errors, 2 left on base; Philadelphia 0 - Pittsburgh 2
TOP OF THE 5TH
Philadelphia Phillies batting - Pitching for Pittsburgh Pirates : RHP Jim Griffith
Batting: LHB Tim Thomas 0-0: Ball
1-0: Foul Ball, location: 2F
1-1: Fly out, F8 (Flyball, 8LD, EV 108.8 MPH)
Batting: RHB Sam Bowman 0-0: Ball
1-0: Fly out, F8 (Line Drive, 89D, EV 86.3 MPH)
Batting: RHB Raúl Jaramillo 0-0: Ball
1-0: Called Strike
1-1: Foul Ball, location: 9LSF
1-2: Strikes out swinging
Top of the 5th over - 0 runs, 0 hits, 0 errors, 0 left on base; Philadelphia 0 - Pittsburgh 2
BOTTOM OF THE 5TH
Pittsburgh Pirates batting - Pitching for Philadelphia Phillies : RHP José Durán
Batting: LHB Devin Henderson 0-0: Ball
1-0: Ball
2-0: Called Strike
2-1: Fly out, F2 (Popup, 13S, EV 86.9 MPH)
Batting: LHB Jorge Apodaca 0-0: Ball
1-0: Ball
2-0: Ball
3-0: Called Strike
3-1: Ground out 5-3 (Groundball, 25, EV 83.1 MPH)
Batting: LHB Cisco Silva 0-0: Called Strike
0-1: Swinging Strike
0-2: Foul Ball, location: 7LDF
0-2: Fly out, F8 (Flyball, 8RM, EV 90.0 MPH)
Bottom of the 5th over - 0 runs, 0 hits, 0 errors, 0 left on base; Philadelphia 0 - Pittsburgh 2
TOP OF THE 6TH
Philadelphia Phillies batting - Pitching for Pittsburgh Pirates : RHP Jim Griffith
Batting: RHB Oliver Rivera 0-0: SINGLE (Line Drive, 4D, EV 98.8 MPH)
Batting: RHB César Vega 0-0: Ball
Oliver Rivera is caught stealing 2nd base 2-4
1-0: DOUBLE (Line Drive, 7LM, EV 108.1 MPH)
Batting: LHB Luis Gonzáles 0-0: Called Strike
César Vega steals 3rd base (no throw)
0-1: DOUBLE (Groundball, 3L, EV 103.1 MPH)
César Vega scores
Batting: LHB Jake Allen 0-0: 2-RUN HOME RUN (Flyball, 7D, EV 99.4 MPH), Distance : 385 ft
Batting: RHB Ken Ransley 0-0: Ball
1-0: Called Strike
1-1: Ball
2-1: Swinging Strike
2-2: Strikes out swinging
Batting: RHB Joe Cavanagh 0-0: Swinging Strike
0-1: Ball
1-1: Ball
2-1: Foul Ball, location: 2F
2-2: Ball
3-2: Foul Ball, location: 23FF
3-2: Base on Balls
Batting: LHB Tim Thomas 0-0: Ball
1-0: Foul Ball, location: 2F
1-1: Ball
2-1: Ball
3-1: Fly out, F7 (Flyball, 78D, EV 80.6 MPH)
Top of the 6th over - 3 runs, 4 hits, 0 errors, 1 left on base; Philadelphia 3 - Pittsburgh 2
BOTTOM OF THE 6TH
Pittsburgh Pirates batting - Pitching for Philadelphia Phillies : RHP José Durán
Batting: LHB Josh Mason 0-0: Called Strike
0-1: Ball
1-1: Foul Ball, location: 7LMF
1-2: Ball
2-2: Ball
3-2: DOUBLE (Flyball, 8LXD, EV 95.6 MPH)
Batting: LHB Jeff Dickson 0-0: Ball
1-0: Called Strike
1-1: Called Strike
1-2: Strikes out swinging
Batting: RHB José Fajardo 0-0: Called Strike
0-1: Called Strike
Josh Mason steals 3rd base
0-2: Reached via error on a dropped throw from 2B, E2 (Groundball, 4, EV 103.8 MPH)
Josh Mason scores
Batting: LHB Juan Padilla 0-0: Foul Ball, location: 2F
0-1: Ball
1-1: Foul Ball, location: 2F
1-2: Grounds into double play, 4-6-3 (Groundball, 4, EV 85.0 MPH)
Bottom of the 6th over - 1 run, 1 hit, 1 error, 0 left on base; Philadelphia 3 - Pittsburgh 3
TOP OF THE 7TH
Philadelphia Phillies batting - Pitching for Pittsburgh Pirates : RHP Jim Griffith
Batting: RHB Sam Bowman 0-0: Ball
1-0: Called Strike
1-1: Ground out 6-3 (Groundball, 6, EV 90.0 MPH)
Batting: RHB Raúl Jaramillo 0-0: Ball
1-0: Called Strike
1-1: Ball
2-1: Ball
3-1: Fly out, F9 (Flyball, 89S, EV 86.9 MPH)
Batting: RHB Oliver Rivera 0-0: Swinging Strike
0-1: Ground out 6-3 (Groundball, 4MS, EV 83.8 MPH)
Top of the 7th over - 0 runs, 0 hits, 0 errors, 0 left on base; Philadelphia 3 - Pittsburgh 3
BOTTOM OF THE 7TH
Pittsburgh Pirates batting - Pitching for Philadelphia Phillies : RHP José Durán
Pitching: RHP Dave Frazier
Batting: RHB Al Sexton 0-0: Swinging Strike
0-1: Ball
1-1: Ball
2-1: Ball
3-1: Base on Balls
Batting: LHB Raúl Gallegos 0-0: Foul Ball, location: 3F
0-1: Ball
1-1: Foul Ball, location: 2F
1-2: Strikes out looking
Batting: LHB Devin Henderson 0-0: Ball
Al Sexton steals 2nd base
1-0: Swinging Strike
1-1: Ball
2-1: Ball
3-1: Called Strike
3-2: Foul Ball, location: 9LMF
3-2: Ground out 6-3 (Groundball, 6M, EV 104.4 MPH)
Al Sexton to third
Pitching: LHP Chris Spence
Batting: LHB Jorge Apodaca 0-0: Ball
1-0: Ground out 6-3 (Groundball, 6MS, EV 68.8 MPH)
Bottom of the 7th over - 0 runs, 0 hits, 0 errors, 1 left on base; Philadelphia 3 - Pittsburgh 3
TOP OF THE 8TH
Philadelphia Phillies batting - Pitching for Pittsburgh Pirates : RHP Jim Griffith
Pitching: LHP Hank Curry
Batting: RHB César Vega 0-0: Called Strike
0-1: Ball
1-1: Foul Ball, location: 23F
1-2: Ball
2-2: Ground out U3 (Groundball, 34, EV 82.5 MPH)
Batting: LHB Luis Gonzáles 0-0: Swinging Strike
0-1: Ball
1-1: Foul Ball, location: 2F
1-2: Ball
2-2: Strikes out swinging
Pinch Hitting: RHB Manny Maldonado 0-0: Called Strike
0-1: Ball
1-1: Ball
2-1: Called Strike
2-2: Foul Ball, location: 2F
2-2: Foul Ball, location: 2F
2-2: Foul Ball, location: 2F
2-2: Ball
3-2: Base on Balls
Batting: RHB Ken Ransley 0-0: Swinging Strike
0-1: Ball
1-1: Ball
2-1: Called Strike
2-2: Ball
3-2: Base on Balls
Manny Maldonado to second
Batting: RHB Joe Cavanagh 0-0: Foul Ball, location: 2F
0-1: SINGLE (Groundball, 56S, EV 67.5 MPH) (infield hit)
Manny Maldonado to third
Ken Ransley to second
Pinch Hitting: RHB Bob O'Herlihy 0-0: Ball
1-0: Foul Ball, location: 2F
1-1: Foul Ball, location: 5FF
1-2: Foul Ball, location: 25FF
1-2: Strikes out looking
Top of the 8th over - 0 runs, 1 hit, 0 errors, 3 left on base; Philadelphia 3 - Pittsburgh 3
BOTTOM OF THE 8TH
Pittsburgh Pirates batting - Pitching for Philadelphia Phillies : LHP Chris Spence
Now at 1B: Manny Maldonado
Now in RF: Kawsen Al-Sadat
Batting: LHB Cisco Silva 0-0: Ball
1-0: SINGLE (Groundball, 34D, EV 96.9 MPH)
Pinch Hitting: RHB José Medina 0-0: Called Strike
0-1: Foul Ball, location: 2F
0-2: Ball
1-2: Grounds into double play, 5-4-3 (Groundball, 56, EV 86.9 MPH)
Batting: LHB Jeff Dickson 0-0: Ball
1-0: Ball
2-0: Ground out 6-3 (Groundball, 6, EV 100.6 MPH)
Bottom of the 8th over - 0 runs, 1 hit, 0 errors, 0 left on base; Philadelphia 3 - Pittsburgh 3
TOP OF THE 9TH
Philadelphia Phillies batting - Pitching for Pittsburgh Pirates : LHP Hank Curry
Now in LF: José Velasco
Batting: RHB Sam Bowman 0-0: Called Strike
0-1: Ball
1-1: Ball
2-1: Foul Ball, location: 2F
2-2: SINGLE (Line Drive, 6MD, EV 98.8 MPH)
Batting: RHB Raúl Jaramillo 0-0: Ball
1-0: Ball
2-0: Called Strike
2-1: Swinging Strike
2-2: Strikes out swinging
Batting: RHB Oliver Rivera 0-0: Ball
1-0: Bunted foul
1-1: Bunted foul
1-2: Hit by Pitch
Sam Bowman to second
Pitching: RHP Jorge López
Batting: RHB César Vega 0-0: Called Strike
0-1: Ball
1-1: Swinging Strike
1-2: Foul Ball, location: 3F
1-2: Strikes out swinging
Batting: LHB Luis Gonzáles 0-0: Ball
1-0: Foul Ball, location: 9LDF
1-1: Ball
2-1: Ball
3-1: Base on Balls
Sam Bowman to third
Oliver Rivera to second
Batting: RHB Manny Maldonado 0-0: Ball
1-0: Foul Ball, location: 2F
1-1: Ball
2-1: Called Strike
2-2: Strikes out swinging
Top of the 9th over - 0 runs, 1 hit, 0 errors, 3 left on base; Philadelphia 3 - Pittsburgh 3
BOTTOM OF THE 9TH
Pittsburgh Pirates batting - Pitching for Philadelphia Phillies : LHP Chris Spence
Batting: RHB José Fajardo 0-0: Called Strike
0-1: Ball
1-1: DOUBLE (Line Drive, 78D, EV 108.8 MPH)
Batting: LHB Juan Padilla 0-0: Bunted foul
0-1: Ball
1-1: Sac Bunt to 3S - play at third, runner OUT! 3-5
Batting: RHB Al Sexton 0-0: Swinging Strike
0-1: Foul Ball, location: 9LMF
0-2: Ball
1-2: Strikes out swinging
Pitching: RHP Jim Boyer
Batting: LHB Raúl Gallegos 0-0: Ball
1-0: Foul Ball, location: 2F
1-1: Swinging Strike
1-2: Strikes out swinging, 2-3 out at first.
Bottom of the 9th over - 0 runs, 1 hit, 0 errors, 1 left on base; Philadelphia 3 - Pittsburgh 3
TOP OF THE 10TH
Philadelphia Phillies batting - Pitching for Pittsburgh Pirates : RHP Jorge López
Manny Maldonado starts the inning at 2nd base.
Batting: RHB Ken Ransley 0-0: Intentional Walk
Batting: RHB Joe Cavanagh 0-0: Called Strike
0-1: Ball
1-1: SINGLE (Groundball, 6MD, EV 94.4 MPH)
Manny Maldonado to third
Ken Ransley to second
Runner from 3rd tries for Home, throw by CF and OUT! 8-2
Pinch Hitting: LHB Álex Cepeda 0-0: Ball
1-0: Ball
Ken Ransley steals 3rd base
2-0: Called Strike
2-1: Called Strike
2-2: Fly out, F7 (Flyball, 7D, EV 108.8 MPH)
Runner from 3rd tags up, SCORES, no throw by LF
Batting: RHB Sam Bowman 0-0: Ball
1-0: Fly out, F6 (Line Drive, 56D, EV 63.1 MPH)
Top of the 10th over - 1 run, 1 hit, 0 errors, 1 left on base; Philadelphia 4 - Pittsburgh 3
BOTTOM OF THE 10TH
Pittsburgh Pirates batting - Pitching for Philadelphia Phillies : RHP Jim Boyer
Raúl Gallegos starts the inning at 2nd base.
Pitching: LHP Jorge Trevino
Now in CF: Álex Cepeda
Now in RF: Raúl Jaramillo
Batting: LHB Devin Henderson 0-0: Ball
1-0: Ball
2-0: Sac Bunt to 2R - play at first, batter OUT! 2-4
Raúl Gallegos to third
Batting: LHB Jorge Apodaca 0-0: DOUBLE (Line Drive, 7LM, EV 104.4 MPH)
Raúl Gallegos scores
Batting: LHB Cisco Silva 0-0: Ball
Jorge Apodaca steals 3rd base
1-0: Ball
Wild Pitch!
Jorge Apodaca scores
Bottom of the 10th over - 2 runs, 1 hit, 0 errors, 0 left on base; Philadelphia 4 - Pittsburgh 5
Sunday, March 24th , 2024 - OOTP Baseball 24.10 Build 82